 Dungeon Crawl Stone Soup version 0.23.2-1-ga50397a (webtiles) character file.

Game seed: 17503340468477728607

351 Kairos the Archer (level 6, -4/51 HPs)
             Began as a Centaur Hunter on Apr 23, 2019.
             Was an Initiate of Cheibriados.
             Slain by an ogre
             ... wielding a +0 giant club
              (10 damage)
             ... on level 4 of the Dungeon.
             The game lasted 00:08:16 (4075 turns).

Kairos the Archer (Centaur Hunter)                  Turns: 4075, Time: 00:08:17

Health: -4/51      AC:  5    Str: 17    XL:     6   Next: 34%
Magic:  6/6        EV:  9    Int: 11    God:    Cheibriados [......]
Gold:   181        SH:  0    Dex: 11    Spells: 5/5 levels left

rFire    . . .     SeeInvis .   r - +0 trident
rCold    . . .     Gourm    +   (no shield)
rNeg     . . .     Faith    .   c - +0 leather armour
rPois    +         Spirit   .   (no helmet)
rElec    .         Reflect  .   (no cloak)
rCorr    .         Harm     .   m - +0 pair of gloves
MR       .....                  (no barding)
Stlth    ++........             e - amulet of the gourmand
HPRegen  0.17/turn              k - ring of poison resistance
MPRegen  0.10/turn              q - ring of stealth

@: no status effects
A: large, hooves 3, deformed body, speed 2, tough skin 3
a: Bend Time, Renounce Religion


You were on level 4 of the Dungeon.
You worshipped Cheibriados.
Cheibriados was noncommittal.
You were full.

You visited 2 branches of the dungeon, and saw 5 of its levels.

You collected 181 gold pieces.

Inventory:

Hand Weapons
 a - a +1 shortbow
 b - a +0 short sword
 r - a +0 trident (weapon)
Missiles
 t - 3 tomahawks (quivered)
Armour
 c - a +0 leather armour (worn)
 m - a +0 pair of gloves (worn)
Jewellery
 e - an amulet of the gourmand (around neck)
 k - a ring of poison resistance (left hand)
 q - a ring of stealth (right hand)
 w - a cursed ring of attention {unknown}
Scrolls
 g - a scroll of amnesia
 j - 3 scrolls of remove curse {unknown}
 s - a scroll of fog {unknown}
 u - a scroll of identify
Potions
 d - a potion of haste
 h - 2 potions of resistance
 i - 2 potions of flight
 n - a potion of curing
 o - a potion of magic {unknown}
 p - a potion of degeneration {unknown}
 v - a potion of brilliance {unknown}
Comestibles
 f - 8 rations


   Skills:
 + Level 3.0 Fighting
 + Level 0.6 Short Blades
 + Level 8.5 Bows
 + Level 1.7 Armour
 + Level 1.6 Dodging
 + Level 0.6 Stealth


You had 5 spell levels left.
You didn't know any spells.
Your spell library contained the following spells:

 Spells                   Type           Power        Failure   Level  Hunger
 Animate Skeleton         Necr           N/A          38%         1    ##.....
 Apportation              Tloc           #.....       38%         1    ##.....
 Confusing Touch          Hex            #.....       38%         1    ##.....
 Summon Small Mammal      Summ           #...         38%         1    ##.....


Dungeon Overview and Level Annotations

Branches:
Dungeon (4/15)             Temple (1/1) D:4

Altars:
Ashenzari
Cheibriados
Elyvilon
Hepliaklqana
Kikubaaqudgha
Makhleb
Qazlal
Trog
Xom
Zin
Beogh

Annotations:
D:3 3 runed translucent doors, Aske's ghost, amateur GrBe


Innate Abilities, Weirdness & Mutations

You have hooves in place of feet.
Armour fits poorly on your strangely shaped body.
You cover ground very quickly.
You have extremely tough skin. (AC +3)


Message History

You shoot an arrow. The arrow hits the ogre.
The ogre is heavily wounded.
Throwing (i - inventory)
t - 4 tomahawks (quivered)
Press: ? - help, Shift-Dir - straight line, f/p - ogre
Aim: an ogre, wielding a +0 giant club (heavily wounded)
You throw a tomahawk.
The tomahawk completely misses the ogre.
The ogre hits you with a +0 giant club!!
* * * LOW HITPOINT WARNING * * *
Wield which item (- for none, * to show all)? (? for menu, Esc to quit)
r - a +0 trident (weapon)
The ogre hits you with a +0 giant club.
* * * LOW HITPOINT WARNING * * *
You puncture the ogre!
The ogre is severely wounded.
The ogre barely misses you.
You hit the ogre.
The ogre is almost dead.
The ogre hits you with a +0 giant club!
You die...

..##..##..#.....#..............#
...+..##..###.###...########..##
...#..##....#.#...####...#####.#
..##...#....###................#
..##.).#......................##
..##'###...##..##...##...##...#..
..##..##...##..##...##...##...#..
......####'##......[.....##...##.
......'..(.....O@........#######.
......#....##..##...#######...##.
'#######...##..##...##...##...#..
.###..##...##.................#..
(..........#..................#..
...........#...##...##...###..##.
########...'...##...##...###..##.
. #.).##..##...#.........#.. ...
#######+##...#.........+..


You could see an ogre.

Vanquished Creatures
  A bullfrog (D:4)
  An orc priest (D:3)
  4 orc wizards
  5 adders
  5 worms
  A dart slug (D:2)
  3 leopard geckos
  9 orcs
  7 giant cockroaches
  2 goblins (D:2)
  6 hobgoblins
  2 jackals (D:3)
  A quokka (D:3)
  A ball python (D:1)
  8 bats
  8 frilled lizards
  4 kobolds
  A leopard gecko skeleton (D:4)
  8 rats
77 creatures vanquished.

Notes
Turn   | Place    | Note
-------+----------+-------------------------------------------
     0 | D:1      | Kairos the Centaur Hunter began the quest for the Orb.
     0 | D:1      | Reached XP level 1. HP: 17/17 MP: 1/1
   124 | D:1      | Reached XP level 2. HP: 23/24 MP: 2/2
   336 | D:1      | Reached skill level 6 in Bows
   866 | D:2      | Reached XP level 3. HP: 4/29 MP: 3/3
  1611 | D:2      | Reached skill level 7 in Bows
  1611 | D:2      | Reached XP level 4. HP: 31/36 MP: 4/4
  1811 | D:3      | Reached XP level 5. HP: 25/42 MP: 5/5
  2309 | D:3      | Reached skill level 8 in Bows
  2781 | D:3      | Reached skill level 1 in Armour
  2889 | D:3      | Found a runed translucent gate.
  2889 | D:3      | Found a runed translucent gate.
  2889 | D:3      | Identified the cursed +0 hunting sling of the Bouncing
                  | Queens {velocity, Int+5 Stlth+}
  2890 | D:3      | Found a runed translucent gate.
  2891 | D:3      | Found a roughly hewn altar of Beogh.
  2895 | D:3      | Noticed Aske's ghost (amateur GrBe)
  3096 | D:4      | Found a staircase to the Ecumenical Temple.
  3137 | Temple   | Entered the Ecumenical Temple
  3144 | Temple   | Became a worshipper of Cheibriados the Contemplative
  3331 | D:4      | Reached XP level 6. HP: 32/50 MP: 6/6
  4075 | D:4      | Slain by an ogre

Skill      XL: |  1  2  3  4  5  6 |
---------------+-------------------+-----
Bows           | 6 7 8 |  8.5
Armour         | 1 |  1.7
Fighting       | 3 |  3.0
Short Blades   | |  0.6
Dodging        | |  1.6
Stealth        | |  0.6

Action                   |  1- 3 |  4- 6 || total
-------------------------+-------+-------++-------
Melee: Short sword       |    12 |    59 ||    71
       Kick              |     1 |    17 ||    18
       Trident           |       |    16 ||    16
 Fire: Shortbow          |   102 |    92 ||   194
Throw: Tomahawk          |       |     1 ||     1
  Use: Scroll            |     2 |     6 ||     8
  Eat: Chunk             |     2 |    11 ||    13
Armor: Leather armour    |    15 |    19 ||    34
Dodge: Dodged            |    12 |    46 ||    58
